 Dungeon Crawl Stone Soup version 0.28.0-53-g5a82cb258f (webtiles) character file.

Game seed: 8678696931356327768

61 issech the Chopper (level 3, -4/33 HPs)
             Began as a Minotaur Monk on June 5, 2022.
             Slain by a gnoll
             ... wielding a +0 short sword
              (8 damage)
             ... on level 2 of the Dungeon.
             The game lasted 00:03:23 (1303 turns).

issech the Chopper (Minotaur Monk)                  Turns: 1303, Time: 00:03:24

Health: -4/33      AC:  3    Str: 15    XL:     3   Next: 83%
Magic:  2/2        EV: 13    Int:  7    God:
Gold:   44         SH:  0    Dex: 14    Spells: 2/2 levels left

rFire   . . .      SeeInvis .   a - +0 hand axe
rCold   . . .      Faith    .   (no shield)
rNeg    . . .      Spirit   .   g - +0 leather armour
rPois   +          Reflect  .   (helmet restricted)
rElec   .          Harm     .   (no cloak)
rCorr   .          Rampage  .   (no gloves)
Will    .....                   (no boots)
Stlth   ++........              (no amulet)
HPRegen 0.11/turn               e - ring of poison resistance
MPRegen 0.08/turn               (no ring)

@: no status effects
A: horns 2, retaliatory headbutt
a: no special abilities


You were on level 2 of the Dungeon.
You visited 1 branch of the dungeon, and saw 2 of its levels.

You collected 44 gold pieces.

Inventory:

Hand Weapons
 a - a +0 hand axe (weapon)
Missiles
 c - 4 boomerangs (quivered)
 d - 20 stones
 f - 19 arrows
Armour
 b - a +0 robe
 g - a +0 leather armour (worn)
Jewellery
 e - a ring of poison resistance (left hand)
Scrolls
 h - a scroll of identify {unknown}
Potions
 i - a potion of ambrosia {unknown}


   Skills:
 + Level 4.1 Fighting
 + Level 4.5 Axes
 + Level 0.3 Armour
 + Level 4.1 Dodging
 + Level 1.7 Stealth


You had 2 spell levels left.
You didn't know any spells.
Your spell library contained the following spells:

 Spells                   Type           Power      Damage    Failure   Level
 Animate Skeleton         Necr           0%         N/A       50%         1
 Pain                     Necr           0%         1d4       50%         1
 Vampiric Draining        Necr           0%         2d6       86%         3


Dungeon Overview and Level Annotations

Branches:
Dungeon (2/15)

Altars:

Shops:
D:1 *

Annotations:
D:2 1 runed translucent door, Crazy Yiuf


Innate Abilities, Weirdness & Mutations

You have a pair of horns on your head.
You reflexively headbutt those who attack you in melee.


Message History

A goblin comes into view. It is wielding a +0 dagger.
You hit the gnoll. You headbutt the gnoll.
You kill the gnoll!
You hit Robin. Robin hits you with a +0 falchion.
* * * LOW HITPOINT WARNING * * *
Robin barely misses you.
Your Dodging skill increases to level 4!
You hit Robin.
Robin is almost dead.
A goblin comes into view. It is wielding a +0 dagger.
A hobgoblin comes into view.
A gnoll comes into view. It is wielding a +0 short sword.
Robin roars a battlecry!
The goblins go into a battle-frenzy!
The goblin shouts!
You hear a shout!
Robin throws the goblin at you!
* * * LOW HITPOINT WARNING * * *
You hit the goblin.
You kill the goblin!
You hit the hobgoblin but do no damage. The hobgoblin misses you.
You furiously retaliate!
You headbutt the hobgoblin. You hit the hobgoblin but do no damage.
The hobgoblin is heavily wounded.
The hobgoblin barely misses you.
A goblin comes into view. It is wielding a +0 club.
You hit the hobgoblin.
You kill the hobgoblin!
Robin throws the goblin at you!
* * * LOW HITPOINT WARNING * * *
You hit the goblin.
You kill the goblin!
You hit Robin.
You kill Robin!
A goblin comes into view. It is wielding a +0 club.
You hit the hobgoblin.
You kill the hobgoblin!
You hit the gnoll.
The gnoll is moderately wounded.
The gnoll hits you with a +0 short sword!
You die...

#.##....#.[g....
#.# #.g.# #.#
##.## #.# #)# #
#.# #.# .# #.#
#)# ..## #.# #.#
....
#.######)#..# ##
#....)@gg...# .#
########g#.## .#
#.#.# .#### #..
# ....# #..#
....# #..#
....###. #..#
........ ...#
........


You could see a gnoll and 2 goblins.

Vanquished Creatures
  Robin (D:2)
  A gnoll (D:2)
  3 bats
  5 endoplasms
  3 giant cockroaches (D:1)
  8 goblins
  4 hobgoblins
  3 kobolds
  2 quokkas
  2 frilled lizards (D:1)
  5 rats
37 creatures vanquished.

Notes
Turn   | Place    | Note
-------+----------+-------------------------------------------
     0 | D:1      | issech the Minotaur Monk began the quest for the Orb.
     0 | D:1      | Reached XP level 1. HP: 19/19 MP: 0/0
   210 | D:1      | Reached XP level 2. HP: 25/27 MP: 1/1
   386 | D:1      | Found a faded altar of an unknown god.
   452 | D:1      | Found Luediogg's Assorted Antiques.
  1104 | D:2      | Reached XP level 3. HP: 26/33 MP: 2/2
  1195 | D:2      | Found a runed translucent door.
  1196 | D:2      | Noticed Crazy Yiuf
  1275 | D:2      | Noticed Robin
  1301 | D:2      | Killed Robin
  1303 | D:2      | Slain by a gnoll

Illustrated notes

Levels and vault maps discovered:
D:1:      elethiomel_arrival_shortcut, layout_loops_ring, serial_shops,
          shop_statue, chequers_ecumenical_altar_simple_redux,
          minmay_misc_feat_more_columns, minmay_worlds_worst_comb
D:2:      layout_loops_ring, minmay_pentomino_pile, uniq_robin,
          uniq_crazy_yiuf_cottage

Skill      XL: |  1  2  3 |
---------------+----------+-----
Axes           | 4 |  4.5
Fighting       | 4 |  4.1
Dodging        | 4 |  4.1
Armour         | |  0.3
Stealth        | |  1.7

Action                   || total
-------------------------++-------
Melee: Hand axe          ||    76
       Headbutt          ||    17
       Punch             ||     1
 Stab: Sleeping          ||     2
Armor: Robe              ||     3
       Leather armour    ||    20
Dodge: Dodged            ||    57
